 Dungeon Crawl Stone Soup version 0.29-a0-322-g68df515428 (webtiles) character file.

Game seed: 13759279020013147911

2828 Murumi the Covert (level 9, 0/52 HPs)
             Began as a Vampire Enchanter on Apr 9, 2022.
             Was a Believer of Okawaru.
             Slain by an orc priest
             ... wielding a +0 flail
              (4 damage)
             ... on level 7 of the Dungeon.
             The game lasted 00:24:10 (7522 turns).

Murumi the Covert (Vampire Enchanter)               Turns: 7522, Time: 00:24:11

Health: 0/52       AC:  8    Str: 13    XL:     9   Next: 45%
Magic:  2/15       EV: 13    Int: 17    God:    Okawaru [**....]
Gold:   96         SH:  0    Dex: 19    Spells: 5/16 levels left

rFire   + + .      SeeInvis +   t - +2 dagger (venom)
rCold   + + +      Faith    +   (no shield)
rNeg    + + +      Spirit   .   b - +0 robe
rPois   ∞          Reflect  .   (no helmet)
rElec   .          Harm     .   (no cloak)
rCorr   .          Rampage  .   i - +1 pair of gloves
Will    .....                   (no boots)
Stlth   +++++++...              r - amulet "Roap" {Faith rF++ rC+}
HPRegen 0.00/turn               g - +4 ring of protection
MPRegen 0.14/turn               p - +6 ring of strength

@: bloodless, inhibited regen, invisible
A: bloodless, fangs 3, see invisible, vampiric 2
a: Bat Form, Revivify, Renounce Religion, Heroism


You were on level 7 of the Dungeon.
You worshipped Okawaru.
Okawaru was pleased with you.
You visited 2 branches of the dungeon, and saw 8 of its levels.

You collected 417 gold pieces.
You spent 321 gold pieces at shops.

Inventory:

Hand Weapons
 a - a +2 dagger
 t - a +2 dagger of venom (weapon)
Armour
 b - a +0 robe (worn)
 i - a +1 pair of gloves (worn)
 k - a +0 kite shield
Jewellery
 g - a +4 ring of protection (left hand)
 p - a +6 ring of strength (right hand)
 r - the amulet "Roap" (around neck) {Faith rF++ rC+}
   (You found it on level 6 of the Dungeon)

   [amulet of faith]

   It allows you to gain divine favour quickly.
   rF:        It greatly protects you from fire.
   rC:        It protects you from cold.
Scrolls
 d - a scroll of magic mapping
 h - a scroll of teleportation
 j - a scroll of fear
 l - 2 scrolls of fog
 s - a scroll of blinking
Potions
 c - 2 potions of invisibility
 e - 3 potions of flight
 f - 2 potions of magic
 m - a potion of might
 n - a potion of haste
 o - a potion of curing
 q - a potion of mutation {unknown}
 u - 2 potions of cancellation {unknown}


   Skills:
 - Level 4.0 Fighting
 - Level 6.0 Short Blades
 - Level 1.0 Armour
 - Level 3.0 Dodging
 - Level 11.0 Stealth
 - Level 2.0 Shields
 - Level 4.0 Spellcasting
 - Level 1.0 Conjurations
 + Level 9.7 Hexes
 - Level 2.0 Ice Magic
 - Level 2.0 Invocations


You had 5 spell levels left.
You knew the following spells:

 Your Spells              Type           Power      Damage    Failure   Level
a - Ensorcelled Hibernat  Hex/Ice        46%        N/A       2%          2
b - Confusing Touch       Hex            36%        N/A       1%          3
c - Tukima's Dance        Hex            36%        N/A       1%          3
d - Dazzling Flash        Conj/Hex       42%        N/A       5%          3

Your spell library contained the following spells:

 Spells                   Type           Power      Damage    Failure   Level
 Ozocubu's Armour         Ice            10%        N/A       21%         3
 Metabolic Englaciation   Hex/Ice        11%        N/A       36%         5
 Simulacrum               Ice/Necr       Unusable   N/A       N/A         6

Dungeon Overview and Level Annotations

Branches:
Dungeon (7/15)             Temple (1/1) D:5

Altars:
Ashenzari
Cheibriados
Dithmenos
Elyvilon
Fedhas
Gozag
Hepliaklqana
Kikubaaqudgha
Makhleb
Nemelex Xobeh
Okawaru
Qazlal
Ru
Sif Muna
Trog
Uskayaw
Vehumet
Wu Jian
Xom
Yredelemnul
Zin
The Shining One

Shops:
D:3 *   D:6 [


Innate Abilities, Weirdness & Mutations

You do not regenerate when monsters are visible.
You are frail without blood (-20% HP).
You can heal yourself when you bite living creatures.
You are immune to poison.
You have razor-sharp teeth.
You have supernaturally acute eyesight. (SInv)
You are afflicted with vampirism and can become a bat while bloodless.


Message History

The helpless orc wizard fails to defend itself.
You bite the orc wizard, and draw its blood!
You feel better.
You spit the orc wizard like a pig!!!!
You kill the orc wizard!
Okawaru accepts your kill.
The orc priest hits you but does no damage.
The orc priest resists with significant effort.
The orc priest looks encouraged for a moment.
The orc completely misses you.
The orc priest resists with significant effort.
The orc barely misses you.
The orc priest calls down the wrath of Beogh upon you.
Beogh smites you! The orc barely misses you.
You are too injured to fight recklessly!
Casting: Ensorcelled Hibernation (safe; 2% risk of failure)
Confirm with . or Enter, or press ? or * to list all spells.
Aiming: Ensorcelled Hibernation (safe; 2% risk of failure)
Press: ? - help, Shift-Dir - straight line, f - orc warrior, p - orc priest
Aim: an orc warrior, wielding a +0 war axe, wearing a +0 plate armour and carrying a wand of paralysis (10) (chance to affect: 55%)
The orc warrior resists with significant effort.
The orc hits you with a +0 hand axe.
The orc priest hits you but does no damage.
The orc barely misses you. The orc warrior completely misses you.
Casting: Ensorcelled Hibernation (safe; 2% risk of failure)
Confirm with . or Enter, or press ? or * to list all spells.
Aiming: Ensorcelled Hibernation (safe; 2% risk of failure)
Press: ? - help, Shift-Dir - straight line, f/p - orc warrior
Aim: an orc warrior, wielding a +0 war axe, wearing a +0 plate armour and carrying a wand of paralysis (10) (chance to affect: 55%)
The orc warrior resists with significant effort.
The orc misses you.
The orc priest mumbles some strange prayers to Beogh against you.
Beogh smites you!
* * * LOW HITPOINT WARNING * * *
The orc barely misses you.
The orc warrior hits you with a +0 war axe!
* * * LOW HITPOINT WARNING * * *
You fade into invisibility!
The orc barely misses you.
The orc priest hits you with a +0 flail.
You die...

#### ..# #####...#..
#... ###.##.#........
#....#.#...........#.
##...#.⌠.#...#.....##.
#.....# #..#.#........
.##.....###...###.#####.
................#.......
#...o...#.....#.###.#.
##..o@........#.# #.#.
#..oo........#.# #.#.
#............... ..#.
#.............### #.#.
##.###.......... .... ..
#...#.#.......... ..
#.##..#.. .....# ... .#
#.# ..... .....


You could see an orc warrior (can't see you), an orc priest (can't see you) and
2 orcs.

Vanquished Creatures
  4 slime creatures (D:7)
  A water moccasin (D:4)
  Pargi (D:4)
  5 ogres
  A centaur (D:7)
  A phantom (D:4)
  A kobold brigand (D:5)
  A necrophage (D:6)
  2 scorpions
  5 wights
  5 hounds
  2 jellies
  An orc priest (D:4)
  A gnoll shaman (D:6)
  5 iguanas
  Natasha (thrice) (D:2)
  2 orc wizards
  10 adders
  8 gnolls
  A white imp (D:4)
  An ufetubus (D:4)
  A worm (D:4)
  5 dart slugs
  13 orcs
  6 ball pythons
  4 bats
  4 endoplasms
  A giant cockroach (D:4)
  2 hobgoblins (D:1)
  7 jackals
  10 kobolds
  3 quokkas
  9 frilled lizards
  2 goblins (D:1)
  7 rats
135 creatures vanquished.

Vanquished Creatures (others)
  42 plants (D:3)
42 creatures vanquished.

Grand Total: 177 creatures vanquished

Notes
Turn   | Place    | Note
-------+----------+-------------------------------------------
     0 | D:1      | Murumi the Vampire Enchanter began the quest for the Orb.
     0 | D:1      | Reached XP level 1. HP: 13/13 MP: 3/3
   102 | D:1      | Reached skill level 5 in Stealth
   191 | D:1      | Reached XP level 2. HP: 15/15 MP: 5/5
   194 | D:1      | Learned a level 2 spell: Ensorcelled Hibernation
   576 | D:1      | Reached skill level 5 in Hexes
  1328 | D:2      | Noticed Natasha
  1331 | D:2      | Killed Natasha
  1332 | D:2      | Reached skill level 1 in Fighting
  1332 | D:2      | Gained mutation: You are afflicted with vampirism and can
                  | become a bat while bloodless. [Vampire growth]
  1332 | D:2      | Reached XP level 3. HP: 20/20 MP: 6/6
  1340 | D:2      | Learned a level 3 spell: Confusing Touch
  1764 | D:2      | Reached skill level 1 in Ice Magic
  1813 | D:2      | Noticed Natasha
  1820 | D:2      | Killed Natasha
  1821 | D:2      | Reached XP level 4. HP: 26/26 MP: 4/7
  2701 | D:2      | Noticed Natasha
  2714 | D:2      | Killed Natasha
  3101 | D:3      | Found a faded altar of an unknown god.
  3297 | D:3      | Found Anlirph's Assorted Antiques.
  3306 | D:3      | Reached skill level 6 in Stealth
  3306 | D:3      | Reached XP level 5. HP: 27/30 MP: 5/8
  3372 | D:3      | Bought a scroll labelled LALOPH RITHRIA for 27 gold pieces
  3372 | D:3      | Bought an orange potion for 24 gold pieces
  3372 | D:3      | Bought a scroll labelled XOERUI DUVUA for 27 gold pieces
  3372 | D:3      | Bought a golden potion for 24 gold pieces
  3475 | D:4      | Noticed Pargi
  3480 | D:4      | Killed Pargi
  3481 | D:4      | Reached skill level 1 in Shields
  3481 | D:4      | Reached skill level 1 in Armour
  3606 | D:4      | Noticed an ogre
  3610 | D:4      | Killed an ogre
  3611 | D:4      | Reached skill level 7 in Stealth
  3611 | D:4      | Reached XP level 6. HP: 35/35 MP: 9/9
  3615 | D:4      | Learned a level 3 spell: Tukima's Dance
  3635 | D:4      | Noticed a water moccasin
  3641 | D:4      | Killed a water moccasin
  3642 | D:4      | Reached skill level 8 in Stealth
  3809 | D:3      | Bought a scroll of identify for 54 gold pieces
  3839 | D:4      | Reached XP level 7. HP: 40/40 MP: 5/10
  4724 | D:5      | Entered Level 5 of the Dungeon
  5066 | D:5      | Reached skill level 9 in Stealth
  5183 | D:5      | Found a staircase to the Ecumenical Temple.
  5222 | Temple   | Entered the Ecumenical Temple
  5345 | Temple   | Became a worshipper of Warmaster Okawaru
  5412 | D:5      | Learned a level 3 spell: Dazzling Flash
  5452 | D:5      | Reached XP level 8. HP: 46/46 MP: 5/12
  5536 | D:5      | Found a hide-covered altar of Uskayaw.
  5537 | D:5      | Found a radiant altar of Vehumet.
  5548 | D:5      | Found a burning altar of Makhleb.
  5640 | D:5      | Found an opulent altar of Gozag.
  5805 | D:6      | Reached skill level 1 in Invocations
  5806 | D:6      | Reached skill level 1 in Conjurations
  6097 | D:5      | Reached * piety under Okawaru
  6137 | D:5      | Reached skill level 5 in Short Blades
  6289 | D:6      | Reached skill level 10 in Stealth
  6373 | D:6      | Identified the amulet "Roap" {Faith rF++ rC+}
  6908 | D:6      | Found Ylujeale's Antique Armour Emporium.
  6917 | D:6      | Bought a shimmering robe for 165 gold pieces
  6917 | D:6      | Identified the +0 robe of the Northern Lights {Rampage
                  | *Corrode rF+} (You bought it in a shop on level 6 of the
                  | Dungeon)
  7283 | D:7      | Reached XP level 9. HP: 52/52 MP: 9/14
  7485 | D:7      | Reached ** piety under Okawaru
  7493 | D:7      | Reached skill level 11 in Stealth
  7522 | D:7      | Slain by an orc priest

Illustrated notes

Levels and vault maps discovered:
D:1:      heliophobic_arrival_enchanted_forest, layout_basic,
          serial_corexii_hall, corexii_hall_statues_i, chequers_hall_statues_y,
          minmay_misc_feat_nine_boxes
D:2:      layout_loops_corners, uniq_natasha
D:3:      layout_basic, serial_shops, shop, shapermc_ecumenical_altar_venn,
          serial_bayou_lagoon_a, minmay_lizard_king
D:4:      layout_gridville, chequers_serial_rivers_micro_b, uniq_pargi
D:5:      layout_rooms, lemuel_coloured_pillars_altar,
          nicolae_overflow_quartered_altars, mainiacjoe_overflow_paths,
          minmay_temple_entry_antechambers, moated_statue
D:6:      layout_rooms, serial_shops, shop
D:7:      layout_cave_pools, serial_column_ruins, column_ruins_hut,
          column_ruins_columns_dead_end, column_ruins_grid_3,
          column_ruins_grid_2, column_ruins_open_small, column_ruins_open_tiny,
          column_ruins_open_tiny, hangedman_glass_teeth, minivault_27,
          minmay_misc_feat_encased, grunt_decor_one_mirror, serial_bayou_pond_c
Temple:   kb_temple_of_zot

Skill      XL: |  1  2  3  4  5  6  7  8  9 |
---------------+----------------------------+-----
Stealth        | 5 6 7 8 9 10 11 | 11.0
Short Blades   | 2 3 4 5 6 |  6.0
Hexes          | 5 6 7 9 |  9.7
Dodging        | 3 |  3.0
Fighting       | 1 2 3 4 |  4.0
Ice Magic      | 1 2 |  2.0
Shields        | 1 2 |  2.0
Armour         | 1 |  1.0
Spellcasting   | 3 4 |  4.0
Invocations    | 1 2 |  2.0
Conjurations   | 1 |  1.0

Action                   |  1- 3 |  4- 6 |  7- 9 || total
-------------------------+-------+-------+-------++-------
Melee: Dagger            |    52 |    51 |   139 ||   242
       Bite              |     7 |     6 |    15 ||    28
 Cast: Ensorcelled Hiber |     8 |    23 |    81 ||   112
       Confusing Touch   |       |     1 |     6 ||     7
 Abil: Exsanguinate      |     1 |       |       ||     1
  Use: Scroll            |     3 |     7 |     8 ||    18
       Potion            |       |       |     1 ||     1
 Stab: Sleeping          |    21 |    18 |    65 ||   104
       Confused          |       |       |     5 ||     5
       Distracted        |       |       |     1 ||     1
Armor: Robe              |     7 |    21 |    46 ||    74
Dodge: Dodged            |    18 |    37 |   124 ||   179
Block: Kite shield       |       |     1 |       ||     1

Table legend: (Time is in decaauts)
 A = Elapsed time spent in this place.
 B = Non-inter-level travel time spent in this place.
 C = Inter-level travel time spent in this place.
 D = Time resting spent in this place.
 E = Time spent auto-exploring this place.
 F = Levels seen in this place.
 G = Mean time per level.
                   A        B        C        D        E       F      G
               +--------+--------+--------+--------+--------+-----+--------+
         Total |   7514 |   6818 |    696 |    120 |   5614 |   8 |  939.2 |
       Dungeon |   7362 |   6716 |    646 |    120 |   5522 |   7 | 1051.7 |
        Temple |    152 |    103 |     49 |      0 |     92 |   1 |  152.0 |
               +--------+--------+--------+--------+--------+-----+--------+

Top non-repeatable levels by time:
     D:2: 1713 daAuts
     D:4: 1456 daAuts
     D:1: 1140 daAuts
     D:5: 1076 daAuts
     D:6: 945 daAuts
     D:3: 724 daAuts
     D:7: 305 daAuts
  Temple: 152 daAuts
